 Dungeon Crawl Stone Soup version 0.17-a0-1324-ga541562 (webtiles) character file.

68799 abixa the Bludgeoner (level 15, -7/93 HPs)
             Began as a Gargoyle Earth Elementalist on June 8, 2015.
             Was the Champion of Sif Muna.
             Killed from afar by emiel's ghost (53 damage)
             ... with an iron shot
             ... on level 12 of the Dungeon on June 9, 2015.
             The game lasted 02:22:04 (29306 turns).

abixa the Bludgeoner (Gargoyle Earth Elementalist) Turns: 29306, Time: 02:22:05

Health: -7/93      AC: 36    Str: 12    XL:     15   Next: 27%
Magic:  24/24      EV: 11    Int: 31    God:    Sif Muna [******]
Gold:   2406       SH:  0    Dex: 10    Spells: 5 memorised, 10 levels left

rFire  . . .     SeeInvis .     a - +4 eveningstar (venom)
rCold  + + .     Clarity  .     E - +4 ring mail of Mezcal {rPois rC++ Int+2}
rNeg   + . .     SustAt   .     (no shield)
rPois  ∞         Gourm    .     K - +2 helmet {Int+3}
rElec  +         Spirit   .     l - +0 cloak
rCorr  .         Warding  .     m - +0 pair of gloves
rMut   .         Stasis   .     o - +2 pair of boots {run}
MR     +....                    Z - amulet of faith
Stlth  +.........               S - +4 ring of intelligence
                                q - +3 ring of slaying

@: stone skin, flying, quick, somewhat resistant to hostile enchantments, very
unstealthy
A: big wings, negative energy resistance 1, electricity resistance, unbreathing,
petrification resistance, rot immunity, AC +11
a: Stop Flying, Channel Energy, Forget Spell, Renounce Religion


You were on level 12 of the Dungeon.
You worshipped Sif Muna.
Sif Muna was exalted by your worship.
You were not hungry.

You visited 3 branches of the dungeon, and saw 24 of its levels.
You also visited: Labyrinth, Sewer, Bailey and Ice Cave.

You collected 2406 gold pieces.

Inventory:

Hand weapons
 a - a +4 eveningstar of venom (weapon)
 d - a +0 blowgun
Missiles
 c - 399 stones (quivered)
 e - a throwing net
 F - 80 poisoned needles
 U - 7 curare-tipped needles
Armour
 l - a +0 cloak (worn)
 m - a +0 pair of gloves (worn)
 o - a +2 pair of boots of running (worn)
 E - the +4 ring mail of Mezcal (worn) {rPois rC++ Int+2}
   (You found it on level 4 of the Lair of Beasts)

   It affects your intelligence (+2).
   It greatly protects you from cold.
   It protects you from poison.
 K - a +2 helmet of intelligence (worn)
Magical staves
 b - an uncursed staff of earth
Jewellery
 j - an uncursed ring of see invisible
 q - a +3 ring of slaying (left hand)
 v - an uncursed ring of sustain attributes
 w - the ring "Ozisostru" {*Corrode Str+2 Dex+6 SInv Stlth+}
   (You found it on level 11 of the Dungeon)

   [ring of dexterity]

   It affects your strength (+2).
   It affects your dexterity (+6).
   It lets you see invisible.
   It may corrode your equipment when you take damage.
   It makes you more stealthy.
 y - an uncursed ring of positive energy
 O - an uncursed ring of wizardry
 S - a +4 ring of intelligence (right hand)
 Z - an amulet of faith (around neck)
Magical devices
 x - a wand of lightning (7)
 Y - a wand of polymorph (13)
Scrolls
 f - a scroll of immolation
 k - 12 scrolls of remove curse
 n - 2 scrolls of identify
 p - 10 scrolls of teleportation
 s - a scroll of silence
 t - 2 scrolls of summoning
 u - 4 scrolls of vulnerability
 A - 3 scrolls of magic mapping
 L - 5 scrolls of blinking
 X - 7 scrolls of fog
Potions
 g - 2 potions of agility
 h - 14 potions of curing
 i - a potion of resistance
 r - 2 potions of cancellation
 z - 6 potions of berserk rage
 D - 6 potions of heal wounds
 J - 3 potions of might
 M - 5 potions of haste
 R - 2 potions of magic
Comestibles
 B - 27 fruits
 C - 7 royal jellies
 Q - 3 beef jerkies


   Skills:
 * Level 10.9 Fighting
 - Level 16.0 Maces & Flails
 * Level 7.8 Armour
 - Level 2.0 Dodging
 - Level 2.1 Stealth
 * Level 6.0 Spellcasting
 - Level 8.0 Conjurations
 - Level 0.7 Transmutations
 + Level 15.7 Earth Magic
 * Level 3.5 Invocations


You had 10 spell levels left.
You knew the following spells:

 Your Spells              Type           Power        Failure   Level  Hunger
a - Sandblast             Erth           ######       0%          1    None
b - Stoneskin             Trmt/Erth      ######..     1%          2    None
c - Stone Arrow           Conj/Erth      ######       1%          3    None
d - Lee's Rapid Deconstr  Erth           #######...   1%          5    #####..
e - Bolt of Magma         Conj/Fire/Erth ######....   14%         5    #####..


Dungeon Overview and Level Annotations

Branches:
Dungeon (12/15)            Temple (0/1) D:7            Lair (8/8) D:9
  Swamp (0/4) Lair:3       Spider (0/4) Lair:4        Slime (0/6) Lair:6
    Orc (4/4) D:10
    Elf: Orc:3-4

Altars:
Cheibriados
Fedhas
Makhleb
Nemelex Xobeh
Okawaru
Qazlal
Ru
Sif Muna
Trog
Yredelemnul
Zin
The Shining One
Beogh
Jiyva

Shops:
D:7 (   D:11 }

Annotations:
D:4 OrbSeeker's ghost, average NaTm
D:12 emiel's ghost, mighty NaWn


Innate Abilities, Weirdness & Mutations

You are resistant to torment.
Your stone body is resilient (AC +11).
You are immune to poison.
Your large and strong wings let you fly indefinitely.
You resist negative energy.
You are resistant to electric shocks.
You can survive without breathing.
You are immune to petrification.
You are immune to rotting.


Message History

Emiel's ghost hits you but does no damage.
You miss emiel's ghost.
Emiel's ghost is heavily damaged.
You hit emiel's ghost.
Emiel's ghost is severely damaged.
Emiel's ghost hits you but does no damage.
You hit emiel's ghost but do no damage.
Emiel's ghost is heavily damaged.
Emiel's ghost hits you but does no damage.
You closely miss emiel's ghost.
Emiel's ghost is heavily damaged.
You miss emiel's ghost.
Emiel's ghost is heavily damaged.
Emiel's ghost hits you but does no damage.
You closely miss emiel's ghost.
Emiel's ghost is heavily damaged.
Emiel's ghost gestures at you while chanting.
The iron shot hits you!
Ouch! That really hurt!
You die...

..# ###...##
..# ##...# ..
..# #...# .#
..# #...####.#
# ..#
##...#.#.##.# #
###
#...#...%.....
###..#...##...<
#....†.........
#......@W......
#.....#........
#.....#.>......
########.......
#...### ...#
...# #...


You could see emiel's ghost.

Vanquished Creatures
  Donald (Orc:3)
  Maud (Orc:3)
  Snorg (Lair:7)
  A minotaur (Lab)
  Josephine (D:10)
  A ghost crab (Lair:6)
  9 hydras
  Erolcha (D:10)
  Erica (D:11)
  A catoblepas (Lair:8)
  11 death yaks
  A deep troll shaman (Lair:8)
  A fire crab (Lair:7)
  2 ice devils (IceCv)
  A deep elf knight (Bailey)
  A hill giant (D:11)
  3 ice statues (IceCv)
  A necromancer (IceCv)
  An orc knight (Orc:2)
  A griffon (Lair:8)
  An ugly thing (D:11)
  An oklob plant (Lair:1)
  16 elephants
  Maurice (Orc:3)
  Joseph (D:8)
  Psyche (D:12)
  8 spiny frogs
  An orange crystal statue (Lair:3)
  6 black mambas
  5 komodo dragons
  2 deep elf priests (Bailey)
  2 polar bears (Lair:8)
  A queen bee (D:12)
  2 two-headed ogres (D:8)
  Prince Ribbit (D:6)
  6 blue devils (IceCv)
  2 giant leeches (Lair:3)
  5 trolls
  8 deep elf magi
  3 wraiths (D:10)
  4 wyverns
  19 yaks
  A human (D:5)
  A steam dragon (D:11)
  5 deep elf fighters (Bailey)
  14 hippogriffs
  A hungry ghost (D:7)
  9 wolves
  A warg (Orc:1)
  2 basilisks
  A swamp worm (Lair:3)
  21 orc warriors
  17 porcupines
  5 ice beasts
  9 water moccasins
  7 spiders (Lair:4)
  3 black bears
  3 eyes of draining
  4 centaurs
  2 phantoms
  2 wasps
  2 sky beasts
  A big kobold (D:7)
  14 crocodiles
  21 giant frogs
  7 ogres
  A gnoll sergeant (D:7)
  23 killer bees
  4 scorpions
  An electric eel (Lair:2)
  3 wights (D:7)
  A giant frog zombie (D:11)
  3 crimson imps
  A centaur zombie (D:6)
  4 hounds
  2 giant frog skeletons
  24 orc wizards
  22 orc priests
  A jelly (D:6)
  A gnoll shaman (D:6)
  10 iguanas
  3 spriggan simulacra (IceCv)
  A troll simulacrum (IceCv)
  6 hell rats (Lair:8)
  10 worker ants
  19 sheep
  2 centaur simulacra
  A hound zombie (D:10)
  2 hound skeletons
  10 gnolls
  2 worker ant zombies (D:7)
  16 adders
  3 ogre simulacra (IceCv)
  2 naga simulacra (IceCv)
  68 river rats
  3 shadow imps
  12 white imps
  An ooze (D:6)
  2 worms (D:2)
  7 giant geckos
  167 orcs
  16 bats
  2 bat skeletons
  2 bat zombies
  9 giant cockroaches
  21 goblins
  10 hobgoblins
  2 quokkas
  6 ball pythons
  9 giant newts
  12 jackals
  31 kobolds
  20 rats
  A butterfly (Lair:5)
  3 fungi
  4 plants (Sewer)
876 creatures vanquished.

Vanquished Creatures (others)
  11 fungi
  4 plants
15 creatures vanquished.

Grand Total: 891 creatures vanquished

Notes
Turn   | Place    | Note
--------------------------------------------------------------
     0 | D:1      | abixa the Gargoyle Earth Elementalist began the quest for the Orb.
     0 | D:1      | Reached XP level 1. HP: 10/10 MP: 3/3
   327 | D:1      | Reached skill level 4 in Earth Magic
   720 | D:1      | Reached XP level 2. HP: 12/15 MP: 5/5
  1376 | D:2      | Reached skill level 5 in Earth Magic
  1376 | D:2      | Reached XP level 3. HP: 5/19 MP: 1/6
  2418 | D:2      | Reached XP level 4. HP: 24/24 MP: 7/7
  2691 | D:1      | Reached skill level 6 in Earth Magic
  3716 | D:2      | Learned a level 2 spell: Stoneskin
  3720 | D:2      | Learned a level 3 spell: Stone Arrow
  4097 | D:3      | Reached XP level 5. HP: 26/28 MP: 8/8
  4410 | D:3      | Found a snail-covered altar of Cheibriados.
  4840 | D:3      | Reached skill level 1 in Maces & Flails
  5164 | D:4      | Noticed OrbSeeker's ghost (average NaTm)
  5220 | D:4      | Reached skill level 1 in Fighting
  5314 | D:4      | Found a sacrificial altar of Ru.
  5424 | D:4      | Reached skill level 7 in Earth Magic
  5424 | D:4      | Reached XP level 6. HP: 16/34 MP: 5/9
  6022 | D:5      | Entered Level 5 of the Dungeon
  6099 | D:5      | Found a glowing drain.
  6158 | Sewer    | Entered a sewer
  7144 | D:5      | Found a runed door.
  7144 | D:5      | Noticed a human
  7149 | D:5      | Found a basalt altar of Yredelemnul.
  7184 | D:5      | Killed a human
  7184 | D:5      | Reached skill level 5 in Maces & Flails
  7184 | D:5      | Reached XP level 7. HP: 38/38 MP: 10/10
  7224 | D:5      | Found a glowing silver altar of Zin.
  7224 | D:5      | Found a stormy altar of Qazlal.
  7224 | D:5      | Found an iron altar of Okawaru.
  7225 | D:5      | Found a deep blue altar of Sif Muna.
  7225 | D:5      | Found a sacrificial altar of Ru.
  7225 | D:5      | Found a burning altar of Makhleb.
  7251 | D:5      | Became a worshipper of Sif Muna the Loreminder
  7288 | D:5      | Reached skill level 1 in Conjurations
  7313 | D:5      | Found a glowing golden altar of the Shining One.
  7973 | D:6      | Reached XP level 8. HP: 35/44 MP: 5/11
  8044 | D:6      | Noticed Prince Ribbit
  8297 | D:6      | Reached skill level 8 in Earth Magic
  8449 | D:6      | Acquired Sif Muna's first power
  8916 | D:6      | Reached skill level 5 in Conjurations
  8991 | D:6      | Killed Prince Ribbit
  8991 | D:6      | Reached skill level 5 in Fighting
  8991 | D:6      | Reached XP level 9. HP: 52/54 MP: 8/13
  9688 | D:7      | Found a staircase to the Ecumenical Temple.
  9759 | D:7      | Found Alabim's Weapon Shop.
  9944 | D:7      | Identified a -1 rod of inaccuracy (10/10) (You found it on level 7 of the Dungeon)
 10018 | D:7      | Acquired Sif Muna's second power
 10184 | D:6      | Upgraded the game from 0.17-a0-1311-gbcbd859 to 0.17-a0-1324-ga541562
 10725 | D:8      | Reached skill level 9 in Earth Magic
 10725 | D:8      | Reached XP level 10. HP: 60/60 MP: 13/16
 10754 | D:8      | Noticed Joseph
 10759 | D:8      | Killed Joseph
 10887 | D:8      | Found a flagged portal.
 10935 | Bailey   | Entered a bailey
 10994 | Bailey   | Reached skill level 10 in Earth Magic
 11121 | Bailey   | Noticed a deep elf knight
 11128 | Bailey   | Killed a deep elf knight
 11803 | D:8      | Reached skill level 10 in Maces & Flails
 12343 | D:9      | Reached XP level 11. HP: 67/67 MP: 17/17
 12350 | D:9      | Found a sparkling altar of Nemelex Xobeh.
 12358 | D:9      | Found a glowing golden altar of the Shining One.
 12360 | D:9      | Found a blossoming altar of Fedhas.
 12483 | D:9      | Reached skill level 1 in Armour
 13036 | D:9      | Found a staircase to the Lair.
 13049 | Lair:1   | Entered Level 1 of the Lair of Beasts
 13049 | Lair:1   | Noticed a four-headed hydra
 13054 | Lair:1   | Killed a four-headed hydra
 13089 | Lair:1   | Found a sacrificial altar of Ru.
 13268 | Lair:1   | Reached skill level 11 in Maces & Flails
 13288 | Lair:1   | Found a labyrinth entrance.
 13323 | Lab      | Entered a labyrinth
 13412 | Lab      | Found an exit through the horrors of the Abyss.
 13578 | Lab      | Noticed a minotaur
 13608 | Lab      | Killed a minotaur
 13644 | Lab      | Identified Xoata's Collected Works on Stones
 13656 | Lab      | Identified the Catalogue of Creative Dislocation
 13900 | Lair:2   | Learned a level 5 spell: Bolt of Magma
 14828 | Lair:2   | Reached skill level 5 in Armour
 15065 | Lair:2   | Reached skill level 12 in Maces & Flails
 15065 | Lair:2   | Reached XP level 12. HP: 54/76 MP: 16/18
 15618 | Lair:2   | Identified a scroll of acquirement
 15620 | Lair:2   | Got an ichor-stained hat
 15631 | Lair:2   | Identified the +2 hat of the Hanged Man {+Fly rPois MP-9} (You acquired it on level 2 of the Lair of Beasts)
 15763 | Lair:3   | Found a staircase to the Swamp.
 16533 | Lair:3   | Noticed a four-headed hydra
 16542 | Lair:3   | Killed a four-headed hydra
 17360 | Lair:4   | Got a spiked ring mail
 17364 | Lair:4   | Identified the +4 ring mail of Mezcal {rPois rC++ Int+2} (You found it on level 4 of the Lair of Beasts)
 17441 | Lair:4   | Found a hole to the Spider Nest.
 17821 | Lair:4   | Reached skill level 13 in Maces & Flails
 18266 | Lair:2   | Learned a level 5 spell: Lee's Rapid Deconstruction
 18496 | Lair:5   | Found a frozen archway.
 18526 | IceCv    | Entered an ice cave
 19099 | IceCv    | Reached XP level 13. HP: 81/81 MP: 19/19
 19332 | Lair:5   | Noticed a six-headed hydra
 19344 | Lair:5   | Reached skill level 14 in Maces & Flails
 19356 | Lair:5   | Killed a six-headed hydra
 20270 | Lair:6   | Found a staircase to the Slime Pits.
 20270 | Lair:6   | Found a viscous altar of Jiyva.
 20337 | Lair:6   | Acquired Sif Muna's third power
 20430 | Lair:6   | Noticed Nessos
 20432 | Lair:6   | Noticed Nessos
 20432 | Lair:6   | Nessos changed into Nessos the ghost crab
 20441 | Lair:6   | Killed Nessos the ghost crab
 21087 | Lair:7   | Noticed Snorg
 21106 | Lair:7   | Killed Snorg
 21106 | Lair:7   | Reached skill level 15 in Maces & Flails
 21530 | Lair:8   | Entered Level 8 of the Lair of Beasts
 21906 | Lair:8   | Gained mutation: Your large and strong wings let you fly indefinitely. [Gargoyle growth]
 21906 | Lair:8   | Reached XP level 14. HP: 74/87 MP: 14/20
 22667 | Lair:8   | Reached skill level 15 in Earth Magic
 22867 | Lair:8   | Reached skill level 16 in Maces & Flails
 23066 | Lair:8   | Identified a +2 pair of boots of running (You found it in an ice cave)
 23252 | Lair:8   | Reached skill level 10 in Fighting
 23617 | Lair:3   | Identified the Papyrus of Good Luck (You found it on level 3 of the Lair of Beasts)
 23836 | D:10     | Entered Level 10 of the Dungeon
 23873 | D:10     | Noticed Josephine
 23884 | D:10     | Killed Josephine
 23961 | D:10     | Noticed Erolcha
 23967 | D:10     | Killed Erolcha
 24179 | D:10     | Received a gift from Sif Muna
 24180 | D:10     | Identified Sif Muna's Volume of the Wilderness (Sif Muna gifted it to you on level 10 of the Dungeon)
 24272 | D:10     | Found a staircase to the Orcish Mines.
 24598 | Orc:1    | Entered Level 1 of the Orcish Mines
 25652 | Orc:2    | Reached skill level 5 in Spellcasting
 25773 | Orc:3    | Noticed Maud
 25876 | Orc:2    | Reached skill level 1 in Invocations
 26377 | Orc:3    | Found a bloodstained altar of Trog.
 26378 | Orc:3    | Noticed Maurice
 26649 | Orc:3    | Killed Maurice
 27085 | Orc:3    | Noticed Donald
 27101 | Orc:3    | Killed Donald
 27101 | Orc:3    | Reached XP level 15. HP: 76/93 MP: 6/23
 27118 | Orc:3    | Killed Maud
 27119 | Orc:3    | Found a roughly hewn altar of Beogh.
 27254 | Orc:4    | Entered Level 4 of the Orcish Mines
 27670 | Lair:5   | Got a dazzling ring mail
 27671 | Lair:5   | Identified the +7 ring mail of Honesty {rElec} (You found it on level 5 of the Lair of Beasts)
 28057 | D:11     | Got a flickering turquoise ring
 28058 | D:11     | Identified the ring "Ozisostru" {*Corrode Str+2 Dex+6 SInv Stlth+} (You found it on level 11 of the Dungeon)
 28374 | D:11     | Found Goghu's Gadget Boutique.
 28519 | D:11     | Noticed Erica
 28524 | D:11     | Killed Erica
 29209 | D:12     | Noticed Psyche
 29216 | D:12     | Killed Psyche
 29245 | D:12     | Noticed emiel's ghost (mighty NaWn)
 29306 | D:12     | Killed from afar by emiel's ghost

Vault maps used:
D:1:      matt_arrival_grand_opening
D:2:      first_bread, kennysheep_cross_room
D:3:      cheibriados_altar_1
D:4:      nicolae_ru_great_annihilating_truth
D:5:      grunt_temple_overflow_open, basic_altar, portal_sewer_entry_f,
          dk_yredelemnul_ordeal
D:6:      uniq_prince_ribbit1
D:7:      minmay_temple_entry_water_ring, serial_shops, kennysheep_mini
D:8:      enter_bailey_3, uniq_joseph
D:9:      minitemple, lair_0_dummy
D:10:     david_orc_1_choice, uniq_erolcha, uniq_josephine
D:11:     serial_shops, kennysheep_mini_moat, uniq_erica
D:12:     serial_curves, eino_curves_04, eino_curves_01, david_nohive_1,
          uniq_psyche
Lair:1:   lab_entry_generic, lemuel_oklob_altar
Lair:2:   serial_bayou_shore_a
Lair:3:   statuecave_lemuel, minmay_swamp_entry_worms, serial_bayou_shore_b
Lair:4:   nicolae_spider_entry_tight_spaces
Lair:5:   portal_ice_cave_entry_imps, grunt_megastairs_3, lemuel_fruit_fields,
          lemuel_fruit_tree, serial_bayou_shore_b
Lair:6:   slime_altar_1, uniq_nessos
Lair:7:   bh_autumn_forest_stairs, lemuel_fruit_fields, uniq_snorg
Lair:8:   grunt_lair_end_beastmaster
Orc:1:    nicolae_orc_lava_tube
Orc:2:    amalloy_card_club
Orc:3:    minmay_goldmine, basic_altar, nicolae_orc_pool_cavern,
          trog_butcher_becter, uniq_donald, uniq_maurice, uniq_maud
Orc:4:    st_orc_ogre_mass, guppyfry_library_mini
Lab:      nicolae_lab_dead_adventurers, labyrinth_skeletal_remains,
          labyrinth_fake_exit
Sewer:    sewer_co_scattered_pipes
Bailey:   bailey_polearm_3, bailey
IceCv:    ice_cave_tombish

Action                   |  1- 3 |  4- 6 |  7- 9 | 10-12 | 13-15 || total
-------------------------+-------+-------+-------+-------+-------++-------
Melee: Whip              |   119 |    86 |       |       |       ||   205
       Flail             |       |   521 |   556 |       |       ||  1077
       Dire flail        |       |       |       |   677 |       ||   677
       Eveningstar       |       |       |       |   203 |  1477 ||  1680
 Fire: Blowgun           |       |     8 |    30 |    10 |     8 ||    56
Throw: Stone             |     2 |     1 |       |       |       ||     3
 Cast: Sandblast         |    20 |    27 |    28 |    66 |     1 ||   142
       Stoneskin         |       |       |     2 |    12 |    22 ||    36
       Stone Arrow       |       |       |       |    17 |    43 ||    60
       Lee's Rapid Decon |       |       |       |       |    17 ||    17
 Abil: Fly               |       |       |       |       |     1 ||     1
Evoke: Wand              |       |       |     4 |       |     3 ||     7
  Use: Scroll            |       |       |    15 |    20 |    11 ||    46
       Potion            |       |       |       |     1 |       ||     1
 Stab: Sleeping          |     5 |     1 |     2 |       |     1 ||     9
       Distracted        |       |     2 |       |       |       ||     2
       Paralysed         |       |     3 |       |       |       ||     3
       Invisible         |       |     1 |       |       |       ||     1
  Eat: Chunk             |     5 |    12 |    16 |    31 |    43 ||   107
       Meat ration       |       |     1 |       |       |       ||     1
       Fruit             |       |       |       |     2 |     1 ||     3
